 Dungeon Crawl Stone Soup version 0.28-a0-750-g7c675f85b1 (webtiles) character file.

Game seed: 11098642534693181991

17 ytrimaz the Insei (level 2, 0/22 HPs)
             Began as a Demonspawn Gladiator on Oct 29, 2021.
             Slain by a ball python (1 damage)
             ... on level 1 of the Dungeon.
             The game lasted 00:01:02 (481 turns).

ytrimaz the Insei (Demonspawn Gladiator)             Turns: 481, Time: 00:01:02

Health: 0/22       AC:  4    Str: 14    XL:     2   Next: 44%
Magic:  2/2        EV:  9    Int:  9    God:
Gold:   24         SH:  4    Dex: 14    Spells: 1/1 levels left

rFire   . . .      SeeInvis .     - Unarmed
rCold   . . .      Faith    .   (no shield)
rNeg    . . .      Spirit   .   a - +0 leather armour
rPois   .          Reflect  .   b - +0 helmet
rElec   .          Harm     .   (no cloak)
rCorr   .          Rampage  .   (no gloves)
Will    .....                   (no boots)
Stlth   +.........              (no amulet)
HPRegen 0.07/turn               (no ring)
MPRegen 0.08/turn               (no ring)

@: constricted
A: large bone plates 1
a: no special abilities


You were on level 1 of the Dungeon.
You visited 1 branch of the dungeon, and saw 1 of its levels.

You collected 24 gold pieces.

Inventory:

Missiles
 c - 3 throwing nets (quivered)
Armour
 a - a +0 leather armour (worn)
 b - a +0 helmet (worn)
Scrolls
 d - a scroll of identify {unknown}
 e - a scroll of immolation {unknown}
 f - a scroll of fog {unknown}


   Skills:
 + Level 2.1 Fighting
 - Level 1.7 Throwing
 + Level 3.0 Dodging
 + Level 3.1 Unarmed Combat


You had one spell level left.
You didn't know any spells.
Your spell library was empty.

Dungeon Overview and Level Annotations

Branches:
Dungeon (1/15)

Altars:

Shops:
D:1 =


Innate Abilities, Weirdness & Mutations

You are partially covered in large bone plates. (SH +4)


Message History

You block the ball python's attack. The ball python misses you.
The ball python grabs you. The ball python constricts you.
The quokka bites you but does no damage.
Unknown command.
You barely miss the kobold.
The ball python bites you but does no damage.
The ball python barely misses you. The ball python constricts you.
You block the quokka's attack. You block the kobold's attack.
The ball python barely misses you.
Unknown command.
Your unstable footing causes you to fumble your attack.
The ball python closely misses you. The ball python constricts you.
You block the quokka's attack. The kobold barely misses you.
The ball python bites you but does no damage.
Unknown command.
You escape the ball python's grasp.
The quokka closely misses you. The ball python misses you.
You block the ball python's attack.
The kobold splashes around in the water.
You hit the ball python.
The ball python is heavily wounded.
The ball python bites you but does no damage.
The ball python grabs you. The ball python constricts you.
* * * LOW HITPOINT WARNING * * *
You block the quokka's attack. The ball python bites you.
* * * LOW HITPOINT WARNING * * *
The kobold completely misses you.
The ball python bites you but does no damage.
The ball python constricts you.
* * * LOW HITPOINT WARNING * * *
You hit the kobold.
The kobold is severely wounded.
You block the quokka's attack.
The ball python bites you but does no damage. x2
The ball python constricts you. The kobold barely misses you.
The quokka closely misses you.
You hit the kobold.
You kill the kobold!
You hear a splash. x2
The ball python barely misses you. The ball python bites you.
You die...

..# #..≈≈≈≈≈≈≈≈≈ ..#
#..≈≈≈≈≈≈≈≈≈ ..#
#..≈≈≈≈.≈≈≈≈ ..#
#..≈≈≈♣_≈≈≈≈ ..#
#.≈≈≈≈..≈≈≈≈ ..#
#.≈≈≈≈≈≈≈≈≈≈
..###########.≈≈≈≈≈≈≈≈≈≈
...............SS)≈≈≈≈≈≈
#≈..#....####≈.≈@r≈≈≈≈≈.
≈.....≈..# #..≈..≈....≈
.....≈≈≈.# ####..######
...≈≈≈≈..# #.##
..≈≈≈≈#.... ..#
.≈≈≈###...## .## #####
....# . #.


You could see a quokka and 2 ball pythons.

Vanquished Creatures
  2 dart slugs (D:1)
  2 endoplasms (D:1)
  2 goblins (D:1)
  2 ball pythons (D:1)
  A bat (D:1)
  A frilled lizard (D:1)
  3 kobolds (D:1)
  A rat (D:1)
14 creatures vanquished.

Notes
Turn   | Place    | Note
-------+----------+-------------------------------------------
     0 | D:1      | ytrimaz the Demonspawn Gladiator began the quest for the
                  | Orb.
     0 | D:1      | Reached XP level 1. HP: 16/16 MP: 1/1
    22 | D:1      | Found Pammie's Jewellery Shop.
   149 | D:1      | Gained mutation: You are partially covered in large bone
                  | plates. (SH +4) [demonic ancestry]
   149 | D:1      | Reached XP level 2. HP: 22/22 MP: 2/2
   467 | D:1      | Found a faded altar of an unknown god.
   479 | D:1      | HP: 1/22 [constriction (1)]
   481 | D:1      | Slain by a ball python

Illustrated notes

Levels and vault maps discovered:
D:1:      denvon_arrival_waterhouse, layout_loops_ring,
          chequers_ecumenical_altar_island, serial_shops, shop

Skill      XL: |  1  2 |
---------------+-------+-----
Unarmed Combat | 3 |  3.1
Dodging        | 3 |  3.0
Fighting       | |  2.1
Throwing       | |  1.7

Action                   || total
-------------------------++-------
Melee: Unarmed           ||    52
Armor: Leather armour    ||    18
Dodge: Dodged            ||    45
Block: Other             ||    20

Table legend: (Time is in decaauts)
 A = Elapsed time spent in this place.
 B = Non-inter-level travel time spent in this place.
 C = Inter-level travel time spent in this place.
 D = Time resting spent in this place.
 E = Time spent auto-exploring this place.
 F = Levels seen in this place.
 G = Mean time per level.
                   A        B        C        D        E       F      G
               +--------+--------+--------+--------+--------+-----+--------+
         Total |    479 |    479 |      0 |      0 |    348 |   1 |  479.0 |
       Dungeon |    479 |    479 |      0 |      0 |    348 |   1 |  479.0 |
               +--------+--------+--------+--------+--------+-----+--------+

Top non-repeatable levels by time:
     D:1: 479 daAuts
